 Dungeon Crawl Stone Soup version 0.18-a0-1789-gbeff17f (webtiles) character file.

529 M4edhros the Insei (level 7, -3/41 HPs)
             Began as an Octopode Necromancer on Apr 21, 2016.
             Killed by nerve-wracking pain
             ... invoked by Grinder
              (12 damage)
             ... on level 4 of the Dungeon.
             The game lasted 00:09:02 (1607 turns).

M4edhros the Insei (Octopode Necromancer)           Turns: 1607, Time: 00:09:03

Health: -3/41      AC:  3    Str:  7    XL:     7   Next: 23%
Magic:  7/10       EV: 12    Int: 18    God:
Gold:   94         SH:  0    Dex: 14    Spells: 3 memorised, 5 levels left

rFire  . . .     SeeInvis .     k - +1 dagger (venom)
rCold  . . .     Gourm    .     (no shield)
rNeg   . . .     Faith    .     h - +2 hat
rPois  .         Spirit   .     (no amulet)
rElec  .         Dismiss  .     (no ring)
rCorr  .         Reflect  .     (no ring)
SustAt .         Harm     .     (no ring)
MR     .....                    (no ring)
Stlth  +++.......               (no ring)
                                (no ring)
                                (no ring)
                                (no ring)

@: very slightly contaminated, regenerating (expiring), not resistant to hostile
enchantments, fairly stealthy
A: almost no armour, amphibious, 8 rings, constrict 8, camouflage 1, gelatinous
body 1
a: no special abilities


You were on level 4 of the Dungeon.
You were not hungry.

You visited 1 branch of the dungeon, and saw 4 of its levels.
You also visited: Sewer.

You collected 94 gold pieces.

Inventory:

Hand Weapons
 e - a +1 dagger of venom
 k - a +1 dagger of venom (weapon)
Missiles
 c - 139 stones (quivered)
Armour
 h - a +2 hat (worn)
Jewellery
 j - an uncursed ring of ice
Wands
 o - a wand of paralysis (11/24)
Scrolls
 g - a scroll of enchant armour
 n - a scroll of enchant weapon {unknown}
 p - a scroll of random uselessness {unknown}
Potions
 f - a potion of magic
 l - a potion of curing
Books
 a - a book of Necromancy

   Spells                             Type                      Level
   a - Pain                           Necromancy                   1
   b - Animate Skeleton               Necromancy                   1
   c - Vampiric Draining              Necromancy                   3
   d - Regeneration                   Charms/Necromancy            3
   e - Animate Dead                   Necromancy                   4
   f - Control Undead                 Necromancy                   4
Comestibles
 b - a bread ration
 q - 2 chunks of flesh


   Skills:
 - Level 2.0 Dodging
 - Level 2.6 Stealth
 + Level 7.3 Unarmed Combat
 - Level 2.0 Spellcasting
 - Level 4.0 Necromancy


You had 5 spell levels left.
You knew the following spells:

 Your Spells              Type           Power        Failure   Level  Hunger
a - Pain                  Necr           ###.         3%          1    #......
b - Regeneration          Chrm/Necr      #.........   24%         3    ###....
c - Animate Skeleton      Necr           N/A          3%          1    #......


Dungeon Overview and Level Annotations

Branches:
Dungeon (4/15)
 Temple: D:4-7

Altars:
Trog

Annotations:
D:4 Grinder


Innate Abilities, Weirdness & Mutations

You cannot wear most types of armour.
You are amphibious.
You can wear up to eight rings at the same time.
You can use your tentacles to constrict eight enemies at once.
Your skin changes colour to match your surroundings (Stealth).
Your rubbery body absorbs attacks (AC +1).


Message History

* * * LOW HITPOINT WARNING * * *
You writhe in agony.
* * * LOW HITPOINT WARNING * * *
Read which item? (? for menu, Esc to quit)
As you read the scroll labeled VIULACUHUECH, it crumbles to dust.
The scroll dissolves into smoke.
It was a scroll of fog.
You constrict Grinder.
Grinder struggles to blink free from constriction.
You hit Grinder.
Grinder is lightly wounded.
Your skin is crawling a little less now.
You constrict Grinder.
Grinder says, "DUCK!"
Grinder gestures at you.
You struggle to resist.
You hit Grinder.
Grinder is moderately wounded.
You constrict Grinder. Grinder gestures at you. Pain shoots through your body!
You die...

##..## ###....##
##.......##
##.........#
##..........##
##..........(.#
##...§.§§...<..##
#....§§§§.......#
#.....§@5.......#
#.....§§§........#
##...§...........#
##.....(........#
##..............#
###.>....[.....#
###..........#
###.......


You could see Grinder.

Vanquished Creatures
  An ogre (D:3)
  The ghost of skk the Sneak, an amateur NaEn (Sewer)
  2 big kobolds (Sewer)
  Terence (D:3)
  3 river rats (Sewer)
  6 adders
  7 oozes
  2 worms
  A dart slug (D:3)
  5 giant geckos (D:3)
  An orc (D:3)
  2 ball pythons
  8 bats
  4 giant cockroaches
  3 goblins
  4 hobgoblins
  4 jackals (D:2)
  A quokka (D:3)
  3 giant newts
  16 kobolds
  6 rats
81 creatures vanquished.

Notes
Turn   | Place    | Note
--------------------------------------------------------------
     0 | D:1      | M4edhros the Octopode Necromancer began the quest for the Orb.
     0 | D:1      | Reached XP level 1. HP: 11/11 MP: 3/3
    36 | D:1      | Reached skill level 1 in Unarmed Combat
    52 | D:1      | Reached XP level 2. HP: 10/17 MP: 0/5
    95 | D:2      | Reached skill level 2 in Unarmed Combat
   257 | D:2      | Reached XP level 3. HP: 1/21 MP: 1/6
   262 | D:2      | Learned a level 3 spell: Regeneration
   264 | D:2      | Found a bloodstained altar of Trog.
   520 | D:2      | Reached skill level 3 in Unarmed Combat
   733 | D:3      | Noticed an ogre
   747 | D:3      | Killed an ogre
   747 | D:3      | Reached skill level 4 in Unarmed Combat
   747 | D:3      | Reached XP level 4. HP: 8/27 MP: 3/7
   747 | D:3      | Reached XP level 5. HP: 10/31 MP: 3/8
   808 | D:3      | Noticed Terence
   821 | D:3      | Killed Terence
   821 | D:3      | Reached skill level 5 in Unarmed Combat
   905 | D:3      | Found a glowing drain.
   921 | Sewer    | Entered a sewer
   921 | Sewer    | Noticed skk's ghost (amateur NaEn)
   935 | Sewer    | Killed skk's ghost
   935 | Sewer    | Reached XP level 6. HP: 36/36 MP: 9/9
   938 | Sewer    | Learned a level 1 spell: Animate Skeleton
   993 | Sewer    | Reached skill level 6 in Unarmed Combat
  1426 | Sewer    | Reached skill level 7 in Unarmed Combat
  1426 | Sewer    | Reached XP level 7. HP: 39/41 MP: 10/10
  1593 | D:4      | Noticed Grinder
  1607 | D:4      | Killed from afar by Grinder

Vault maps used:
D:1:      matt_arrival_grand_opening
D:2:      first_bread, trog_butcher_becter
D:3:      kennysheep_big_flooded_room, gup_sewer_entry_pipe, uniq_terence
D:4:      temple_green, nicolae_ru_great_annihilating_truth, uniq_natasha,
          uniq_grinder
Sewer:    sewer_co_tree

Skill      XL: |  1  2  3  4  5  6 |
---------------+-------------------+-----
Unarmed Combat | 1 2 4 5 7 |  7.3
Dodging        | |  2.0
Stealth        | |  2.6
Spellcasting   | |  2.0
Necromancy     | |  4.0

Action                   |  1- 3 |  4- 6 |  7- 9 || total
-------------------------+-------+-------+-------++-------
Melee: Unarmed           |    22 |       |       ||    22
       Constrict         |     9 |    19 |     3 ||    31
       Tentacles         |     6 |    13 |     3 ||    22
       Punch             |     1 |     6 |       ||     7
       Dagger            |    10 |    80 |    20 ||   110
 Cast: Pain              |    45 |    15 |       ||    60
       Regeneration      |     3 |     4 |     1 ||     8
Evoke: Wand              |       |     2 |       ||     2
  Use: Potion            |     1 |     1 |     1 ||     3
       Scroll            |       |     1 |     5 ||     6
 Stab: Sleeping          |     3 |     8 |     2 ||    13
       Paralysed         |       |     6 |       ||     6
       Distracted        |       |       |     1 ||     1
  Eat: Chunk             |       |     1 |       ||     1
       Meat ration       |       |     1 |       ||     1
Armor: Skin              |     7 |     8 |     4 ||    19
Dodge: Dodged            |    21 |    42 |     6 ||    69
